 Dungeon Crawl Stone Soup version 0.28-a0-268-g3f656e82c2 (webtiles) character file.

Game seed: 14310213454861606927

7761 Gwenloh the Geomancer (level 11, -2/68 HPs)
             Began as a Gargoyle Earth Elementalist on Aug 28, 2021.
             Was a Believer of Sif Muna.
             Slain by a death knight (14 damage)
             ... on level 9 of the Dungeon.
             The game lasted 00:47:21 (12163 turns).

Gwenloh the Geomancer (GrEE)                       Turns: 12163, Time: 00:47:22

Health: -2/68      AC: 15    Str: 12    XL:     11   Next: 20%
Magic:  12/22      EV: 11    Int: 22    God:    Sif Muna [**....]
Gold:   414        SH:  0    Dex: 10    Spells: 19/25 levels left

rFire   + . .      SeeInvis .   a - staff of conjuration
rCold   . . .      Faith    .   (no shield)
rNeg    + . .      Spirit   .   b - +0 leather armour {rF+}
rPois   ∞          Reflect  .   N - +1 hat {Int+3}
rElec   +          Harm     .   L - scarf {+Inv}
rCorr   .          Rampage  .   m - +0 pair of gloves
Will    +....                   A - +0 pair of boots
Stlth   ++........              w - amulet of regeneration
HPRegen 1.21/turn               t - ring of willpower
MPRegen 0.18/turn               (no ring)

@: no status effects
A: sickness immunity, AC +8, negative energy resistance 1, electricity
resistance, torment resistance 1, petrification resistance
a: Renounce Religion, Evoke Invisibility, Channel Magic


You were on level 9 of the Dungeon.
You worshipped Sif Muna.
Sif Muna was pleased with you.
You visited 2 branches of the dungeon, and saw 10 of its levels.

You collected 414 gold pieces.

Inventory:

Hand Weapons
 d - a +0 spear
 k - a +2 vampiric war axe
 o - a +2 whip of electrocution
Missiles
 c - 137 stones
 n - 9 boomerangs
Armour
 b - a +0 leather armour of fire resistance (worn)
 m - a +0 pair of gloves (worn)
 A - a +0 pair of boots (worn)
 L - a scarf of invisibility (worn)
 N - a +1 hat of intelligence (worn)
Magical Staves
 a - a staff of conjuration (weapon)
 E - a staff of cold
Jewellery
 e - an amulet of guardian spirit
 t - a ring of willpower (left hand)
 w - an amulet of regeneration (around neck)
 K - a +6 ring of strength
Wands
 y - a wand of mindburst (8)
 I - a wand of flame (9) (quivered)
 J - a wand of charming (9)
Scrolls
 g - 4 scrolls of enchant weapon {unknown}
 h - 4 scrolls of identify {unknown}
 j - a scroll of amnesia {unknown}
 l - 2 scrolls of teleportation {unknown}
 q - 2 scrolls of enchant armour {unknown}
 s - 4 scrolls of noise {unknown}
 v - a scroll of magic mapping {unknown}
 z - 2 scrolls of silence {unknown}
 B - a scroll of fog {unknown}
 F - a scroll of blinking {unknown}
 G - a scroll of torment {unknown}
Potions
 f - 4 potions of haste {unknown}
 i - a potion of flight {unknown}
 p - 2 potions of lignification {unknown}
 r - 2 potions of invisibility {unknown}
 x - 2 potions of might {unknown}
 C - 2 potions of curing {unknown}
 D - a potion of heal wounds {unknown}
 H - a potion of cancellation {unknown}
 M - a potion of degeneration {unknown}


   Skills:
 + Level 7.6 Fighting
 - Level 5.0 Armour
 - Level 1.5 Dodging
 - Level 2.1 Stealth
 + Level 7.8 Spellcasting
 - Level 4.0 Conjurations
 - Level 0.7 Transmutations
 + Level 10.9 Earth Magic
 + Level 7.3 Invocations
 + Level 3.1 Evocations


You had 19 spell levels left.
You knew the following spells:

 Your Spells              Type           Power      Damage    Failure   Level
a - Sandblast             Erth           100%       2d20      1%          1
b - Stone Arrow           Conj/Erth      100%       3d13      1%          3
c - Passwall              Tmut/Erth      28%        N/A       1%          2

Your spell library contained the following spells:

 Spells                   Type           Power      Damage    Failure   Level
 Petrify                  Tmut/Erth      34%        N/A       9%          4
 Corona                   Hex            8%         N/A       10%         1
 Leda's Liquefaction      Hex/Erth       16%        N/A       10%         4
 Ensorcelled Hibernation  Hex/Ice        16%        N/A       14%         2
 Call Canine Familiar     Summ           8%         N/A       28%         3
 Frozen Ramparts          Ice            16%        1d3       28%         3
 Portal Projectile        Hex/Tloc       16%        N/A       28%         3
 Tukima's Dance           Hex            8%         N/A       28%         3
 Bolt of Magma            Conj/Fire/Erth 22%        4d11      34%         5
 Ice Form                 Ice/Tmut       10%        N/A       63%         4
 Summon Ice Beast         Ice/Summ       8%         N/A       67%         4
 Shatter                  Erth           27%        3d23*     100%        9


Dungeon Overview and Level Annotations

Branches:
Dungeon (9/15)             Temple (1/1) D:7
   Lair: D:8-11         Orc: D:9-12

Altars:
Ashenzari
Cheibriados
Dithmenos
Elyvilon
Fedhas
Gozag
Hepliaklqana
Kikubaaqudgha
Makhleb
Nemelex Xobeh
Okawaru
Qazlal
Ru
Sif Muna
Trog
Uskayaw
Vehumet
Wu Jian
Xom
Yredelemnul
Zin
The Shining One

Shops:
D:6 (

Annotations:
D:4 sn0wgr3's ghost, novice MiFi


Innate Abilities, Weirdness & Mutations

You are immune to sickness and miasma.
Your stone body is resilient. (AC +8)
You are immune to poison.
You resist negative energy. (rN+)
You are resistant to electric shocks. (rElec)
You are resistant to unholy torment.
You are immune to petrification.


Message History

The death knight is lightly wounded.
The bullfrog croaks.
The death knight reflects your damage back at you!
Casting: Stone Arrow (safe; 1% risk of failure)
Confirm with . or Enter, or press ? or * to list all spells.
Aiming: Stone Arrow (safe; 1% risk of failure)
Press: ? - help, Shift-Dir - straight line, f/p - death knight
Aim: a death knight, wielding a +0 battleaxe of freezing and wearing a +0 chain mail (lightly wounded, reflecting injuries, 78% to hit)
You feel a surge of power!
The stone arrow hits the death knight!
The death knight is moderately wounded.
The death knight reflects your damage back at you!
A freezing wraith comes into view. x2
The death knight mumbles some strange prayers to Yredelemnul against you.
Your body is wracked with pain!
Casting: Stone Arrow (safe; 1% risk of failure)
Confirm with . or Enter, or press ? or * to list all spells.
Aiming: Stone Arrow (safe; 1% risk of failure)
Press: ? - help, Shift-Dir - straight line, f/p - death knight
Aim: a death knight, wielding a +0 battleaxe of freezing and wearing a +0 chain mail (moderately wounded, reflecting injuries, 78% to hit)
You feel a surge of power!
The stone arrow hits the death knight!!
The death knight is heavily wounded.
The death knight reflects your damage back at you!
Okay, then.
Casting: Stone Arrow (safe; 1% risk of failure)
Confirm with . or Enter, or press ? or * to list all spells.
Aiming: Passwall (safe; 1% risk of failure)
Press: ? - help, Dir - move target, p - death knight A rock wall.
The death knight's dark mirror aura disappears.
You begin to meditate on the wall.
You continue meditating on the rock.
The death knight hits you with a +0 battleaxe of freezing.
The death knight freezes you.
You continue meditating on the rock.
The death knight hits you with a +0 battleaxe of freezing!
* * * LOW HITPOINT WARNING * * *
The death knight freezes you.
* * * LOW HITPOINT WARNING * * *
You continue meditating on the rock.
The death knight hits you with a +0 battleaxe of freezing!
You die...

##.....# #..#..#
#.#######..#..##
#..........#....
#.........##..###
#.#.###.####..#
#.# ..#
#.####W.##...
#..@pzF<.....
######W......
......) ##.....
#.... #... #.# .#


You could see a death knight, a skeletal warrior, 2 freezing wraiths and a
bullfrog.

Vanquished Creatures
  Gastronok (D:8)
  A troll (D:6)
  Grinder (D:4)
  Prince Ribbit (D:8)
  6 yaks (D:8)
  A wraith (D:9)
  Eustachio (D:4)
  6 black bears
  2 sky beasts (D:7)
  2 orc warriors
  3 ice beasts
  4 ogres
  A hornet zombie (D:7)
  A necrophage (D:4)
  4 centaurs
  A phantom (D:6)
  5 bullfrogs
  5 scorpions
  A water moccasin zombie (D:3)
  A water moccasin skeleton (D:5)
  A killer bee (D:5)
  3 wights (D:4)
  2 howler monkeys
  4 electric eels (D:8)
  3 bullfrog zombies
  3 jellies
  A centaur zombie (D:7)
  3 hounds
  4 orc priests
  A centaur skeleton (D:7)
  A bullfrog skeleton (D:6)
  5 iguanas
  A scorpion zombie (D:5)
  12 orc wizards
  Robin (D:3)
  A howler monkey skeleton (D:5)
  7 gnolls
  11 adders
  A shadow imp (D:5)
  4 white imps
  An ufetubus (D:5)
  2 worms
  28 orcs
  2 bats
  An endoplasm (D:4)
  3 giant cockroaches
  19 goblins
  6 hobgoblins
  12 jackals
  4 quokkas
  10 ball pythons
  A frilled lizard (D:2)
  5 kobolds
  5 rats
216 creatures vanquished.

Vanquished Creatures (others)
  6 fungi (D:3)
  37 plants
43 creatures vanquished.

Grand Total: 259 creatures vanquished

Notes
Turn   | Place    | Note
-------+----------+-------------------------------------------
     0 | D:1      | Gwenloh the Gargoyle Earth Elementalist began the quest for
                  | the Orb.
     0 | D:1      | Reached XP level 1. HP: 10/10 MP: 3/3
   414 | D:1      | Reached skill level 4 in Earth Magic
   414 | D:1      | Reached XP level 2. HP: 15/15 MP: 3/5
   418 | D:1      | Learned a level 2 spell: Passwall
  1041 | D:2      | Found Behutaf's Magic Scroll Shoppe.
  1094 | D:2      | Reached skill level 1 in Armour
  1327 | D:2      | Reached XP level 3. HP: 9/19 MP: 4/6
  1331 | D:2      | Learned a level 3 spell: Stone Arrow
  2275 | D:3      | Reached skill level 1 in Conjurations
  2275 | D:3      | Reached XP level 4. HP: 24/24 MP: 7/7
  2485 | D:3      | Noticed Robin
  2503 | D:3      | Killed Robin
  2873 | D:3      | Reached skill level 5 in Earth Magic
  2873 | D:3      | Reached XP level 5. HP: 13/28 MP: 4/9
  3923 | D:3      | Found a faded altar of an unknown god.
  3927 | D:3      | Noticed a black bear
  3933 | D:3      | Killed a black bear
  3934 | D:3      | Reached XP level 6. HP: 29/32 MP: 1/11
  4585 | D:4      | Noticed a necrophage
  4651 | D:4      | Killed a necrophage
  4759 | D:4      | Reached skill level 6 in Earth Magic
  4759 | D:4      | Reached XP level 7. HP: 36/36 MP: 1/12
  5254 | D:4      | Found an ornate altar of the Wu Jian Council.
  5256 | D:4      | Found a shimmering blue altar of Sif Muna.
  5642 | D:4      | Noticed Grinder
  5648 | D:4      | Killed Grinder
  5649 | D:4      | Reached skill level 1 in Fighting
  5649 | D:4      | Reached skill level 7 in Earth Magic
  5649 | D:4      | Reached XP level 8. HP: 39/43 MP: 6/14
  5853 | D:4      | Noticed Eustachio
  5882 | D:4      | Killed Eustachio
  6194 | D:4      | Became a worshipper of Sif Muna the Loreminder
  6219 | D:5      | Entered Level 5 of the Dungeon
  6261 | D:5      | Reached skill level 5 in Armour
  6261 | D:5      | Reached skill level 1 in Invocations
  6356 | D:5      | Reached skill level 5 in Spellcasting
  6613 | D:5      | Reached skill level 8 in Earth Magic
  6628 | D:5      | Reached XP level 9. HP: 51/51 MP: 9/17
  6991 | D:5      | Noticed sn0wgr3's ghost (novice MiFi)
  6991 | D:5      | Found a runed translucent door.
  7190 | D:5      | Found a runed translucent door.
  7233 | D:5      | Reached * piety under Sif Muna
  8163 | D:6      | Reached skill level 9 in Earth Magic
  8291 | D:6      | Reached skill level 5 in Fighting
  8541 | D:6      | Noticed a troll
  8710 | D:6      | Identified the +1 scale mail of the Locust {rElec rF-
                  | Str+3}
  8721 | D:6      | Upgraded the game from 0.28-a0-265-g048bc9fd10 to
                  | 0.28-a0-268-g3f656e82c2
  8735 | D:6      | Reached skill level 5 in Invocations
  8791 | D:6      | Killed a troll
  8792 | D:6      | Reached XP level 10. HP: 60/60 MP: 11/19
  8924 | D:6      | Found Neur's Weapon Emporium.
  9089 | D:7      | Found a staircase to the Ecumenical Temple.
  9106 | Temple   | Entered the Ecumenical Temple
  9547 | D:7      | Found a hide-covered altar of Uskayaw.
  9586 | D:7      | Found a stormy altar of Qazlal.
  9889 | D:7      | Reached ** piety under Sif Muna
 10400 | D:8      | Noticed Prince Ribbit
 10405 | D:8      | Killed Prince Ribbit
 10484 | D:8      | Reached skill level 10 in Earth Magic
 11040 | D:8      | Reached skill level 1 in Evocations
 11266 | D:8      | Noticed Gastronok
 11637 | D:8      | Killed Gastronok
 11638 | D:8      | Reached XP level 11. HP: 10/67 MP: 3/22
 11825 | D:8      | Identified the +0 short sword of Fubbodd {vorpal, rF+ rC-
                  | Str+7}
 12070 | D:9      | Noticed a death knight
 12153 | D:9      | Noticed a skeletal warrior
 12163 | D:9      | Slain by a death knight

Illustrated notes

Levels and vault maps discovered:
D:1:      erik_arrival_orb_chamber, layout_loops_ring, serial_glass,
          glass_columns_c, glass_columns_b
D:2:      layout_basic, serial_shops, nicolae_square_shop
D:3:      layout_basic, dreamdust_ecumenical_altar_grove, item_on_display_a,
          uniq_robin
D:4:      layout_cave_pods, jmf_multi_god_temple, uniq_eustachio, uniq_grinder
D:5:      cheibrodos_quashed, layout_loops_cross, ebering_ghost_sewer_f,
          nzn_random_ring
D:6:      layout_basic, serial_shops, shop
D:7:      layout_gridville, mainiacjoe_overflow_swirl,
          minmay_temple_entry_antechambers
D:8:      layout_loops_ring, serial_bayou_lagoon_b, uniq_prince_ribbit1,
          uniq_gastronok
D:9:      layout_loops_ring, lair_entry_dummy
Temple:   dpeg_five_rooms_temple

Skill      XL: |  1  2  3  4  5  6  7  8  9 10 |
---------------+-------------------------------+-----
Earth Magic    | 4 5 6 7 8 9 10 | 10.9
Armour         | 1 2 3 4 5 |  5.0
Conjurations   | 1 2 3 4 |  4.0
Spellcasting   | 3 4 5 6 7 |  7.8
Fighting       | 1 3 5 7 |  7.6
Invocations    | 2 5 7 |  7.3
Evocations     | 3 |  3.1
Dodging        | |  1.5
Stealth        | |  2.1
Transmutations | |  0.7

Action                   |  1- 3 |  4- 6 |  7- 9 | 10-12 || total
-------------------------+-------+-------+-------+-------++-------
Melee: Spear             |    13 |       |       |       ||    13
       War axe           |    22 |    46 |       |       ||    68
       Whip              |       |    33 |    39 |    44 ||   116
       Staff             |       |       |     2 |     1 ||     3
Throw: Boomerang         |       |       |     1 |       ||     1
 Cast: Sandblast         |    20 |    40 |    61 |    35 ||   156
       Stone Arrow       |       |    18 |    89 |    70 ||   177
       Passwall          |       |       |     2 |     1 ||     3
Invok: Channel Magic     |       |       |     1 |       ||     1
Evoke: Wand              |       |       |       |     1 ||     1
 Stab: Distracted        |       |     1 |       |       ||     1
       Sleeping          |       |     1 |       |       ||     1
Armor: Leather armour    |    10 |    40 |    41 |    34 ||   125
Dodge: Dodged            |    14 |    52 |    45 |    11 ||   122

Table legend: (Time is in decaauts)
 A = Elapsed time spent in this place.
 B = Non-inter-level travel time spent in this place.
 C = Inter-level travel time spent in this place.
 D = Time resting spent in this place.
 E = Time spent auto-exploring this place.
 F = Levels seen in this place.
 G = Mean time per level.
                   A        B        C        D        E       F      G
               +--------+--------+--------+--------+--------+-----+--------+
         Total |  12251 |  11822 |    429 |   1555 |   8375 |  10 | 1225.1 |
       Dungeon |  11886 |  11487 |    399 |   1555 |   8052 |   9 | 1320.7 |
        Temple |    364 |    334 |     30 |      0 |    323 |   1 |  364.0 |
               +--------+--------+--------+--------+--------+-----+--------+

Top non-repeatable levels by time:
     D:3: 2180 daAuts
     D:4: 1861 daAuts
     D:5: 1787 daAuts
     D:8: 1580 daAuts
     D:2: 1353 daAuts
     D:7: 1044 daAuts
     D:1: 1034 daAuts
     D:6: 897 daAuts
  Temple: 364 daAuts
     D:9: 146 daAuts
